 Dungeon Crawl Stone Soup version 0.30-a0-1008-g30c9307041 (webtiles) character file.

Game seed: 469869374140446237

241 DeathPants the Grave Robber (level 5, 0/39 HPs)
             Began as a Demonspawn Necromancer on Apr 5, 2023.
             Slain by Pikel
             ... wielding a +2 whip of flaming
              (5 damage)
             ... on level 4 of the Dungeon.
             The game lasted 00:11:16 (4018 turns).

DeathPants the Grave Robber (DsNe)                  Turns: 4018, Time: 00:11:16

Health: 0/39       AC:  5    Str:  8    XL:     5   Next: 80%
Magic:  18/18      EV: 12    Int: 16    God:
Gold:   176        SH:  0    Dex: 16    Spells: 1/10 levels left

rFire   . . .      SeeInvis .    b - +0 short sword (speed)
rCold   . . .      Faith    .    (no shield)
rNeg    . . .      Spirit   .    p - +0 robe
rPois   .          Reflect  .    (helmet restricted)
rElec   .          Rampage  .    n - +2 cloak {Will+}
rCorr   .                        (no gloves)
Will    +....                    (no boots)
Stlth   ++                       (no amulet)
HPRegen 0.26/turn                o - ring of magical power
MPRegen 0.32/turn                (no ring)

@: no status effects
A: horns 1, magic regeneration
a: no special abilities


You were on level 4 of the Dungeon.
You visited 1 branch of the dungeon, and saw 5 of its levels.

You collected 176 gold pieces.

Inventory:

Hand Weapons
 a - a +0 rapier
 b - a +0 short sword of speed (weapon)
 d - a +0 short sword
 j - a +0 dagger
Armour
 f - the +1 ring mail "Wisorgh" {Contam rElec rPois Str+2}
   (You found it on level 2 of the Dungeon)

   Str:       It affects your strength (+2).
   rElec:     It insulates you from electricity.
   rPois:     It protects you from poison.
   Contam:    It causes magical contamination when unequipped.
 n - a +2 cloak of willpower (worn)
 p - a +0 robe (worn)
Jewellery
 i - a ring of protection from cold
 o - a ring of magical power (left hand)
Scrolls
 e - a scroll of vulnerability {unknown}
 l - a scroll of blinking {unknown}
 m - a scroll of noise {unknown}
 q - a scroll of amnesia {unknown}
 r - a scroll of enchant weapon {unknown}
 s - a scroll of immolation {unknown}
 u - 4 scrolls of identify {unknown}
Potions
 c - 2 potions of attraction {unknown}
 g - 2 potions of flight {unknown}
 h - a potion of brilliance {unknown}
 k - 3 potions of curing {unknown}
 t - a potion of magic


   Skills:
 + Level 2.6 Fighting
 + Level 0.0 Short Blades
 + Level 1.8 Dodging
 - Level 3.3 Stealth
 + Level 3.2 Spellcasting
 + Level 5.4 Necromancy


You had one spell level left.
You knew the following spells:

 Your Spells              Type           Power      Damage    Failure   Level
a - Necrotise             Necr           80%        1d8       1%          1
b - Vampiric Draining     Necr           20%        2d7       6%          3
c - Agony                 Necr           20%        N/A       47%         5

Your spell library contained the following spells:

 Spells                   Type           Power      Damage    Failure   Level
 Beastly Appendage        Tmut           4%         N/A       19%         1
 Animate Dead             Necr           20%        N/A       19%         4
 Wereblood                Tmut           2%         N/A       28%         2
 Dazzling Flash           Conj/Hex       4%         N/A       50%         3
 Spider Form              Tmut/Pois      2%         N/A       50%         3
 Volatile Blastmotes      Fire/Tloc      4%         2d10      50%         3
 Iskenderun's Mystic Bla  Conj/Tloc      2%         2d3       88%         4
 Starburst                Conj/Fire      1%         6d3       100%        6


Dungeon Overview and Level Annotations

Branches:
Dungeon (5/15)
 Temple: D:4-7

Altars:
Qazlal
Xom

Shops:
D:2 [   D:3 =*   D:4 (

Annotations:
D:4 Pikel


Innate Abilities, Weirdness & Mutations

You have a pair of small horns on your head.
You regenerate magic rapidly.


Message History

The lemure is heavily wounded.
The lemure hits you but does no damage.
You closely miss the lemure.
The lemure is heavily wounded.
You hit the lemure.
The lemure is heavily wounded.
The lemure barely misses you.
You hit the lemure but do no damage.
The lemure is heavily wounded.
The lemure hits you.
You completely miss the lemure. Your headbutt misses the lemure.
The lemure is heavily wounded.
You closely miss the lemure.
The lemure is heavily wounded.
The lemure hits you.
You completely miss the lemure.
The lemure is heavily wounded.
The lemure closely misses you.
You hit the lemure.
The lemure is heavily wounded.
You hit the lemure but do no damage. You headbutt the lemure.
The lemure is severely wounded.
The lemure closely misses you.
You hit the lemure but do no damage.
The lemure is severely wounded.
The lemure hits you.
You hit the lemure.
The lemure is almost dead.
You hit the lemure but do no damage. You headbutt the lemure.
You kill the lemure!
That felt strangely unrewarding.
Pikel says, "You'll feel the lick of my whip!"
Pikel attacks as you move away!
Pikel hits you with a +2 whip of flaming!
* * * LOW HITPOINT WARNING * * *
Pikel burns you.
* * * LOW HITPOINT WARNING * * *
Pikel attacks as you move away!
Pikel hits you with a +2 whip of flaming.
You die...

.##.........<............# #.
....####.####......#####.#######.
.>................)..............
##..........######..)......#####.
###.####..................# #.
##..####.########.........# #.
##..##....# #.........# #.
#......###########♣######.## ##.
...##### #.5.5K@.......#.# ##..
..## #.....#####♣∩♣.##...# ##..#
### #....# #...###..###..## #
#.... #♣### #..#..)## # #...
#.....### #######... ##......##
.......... #...##.<. #######...
##.###### .... §§#.#§§


You could see Pikel and 2 lemures.

Vanquished Creatures
  2 lemures (D:4)
  A scorpion (D:4)
  A hound (D:4)
  7 adders
  2 worms
  5 dart slugs
  2 orcs
  A bat (D:3)
  4 endoplasms
  6 giant cockroaches
  9 goblins
  7 hobgoblins
  5 jackals
  4 quokkas
  8 ball pythons
  2 frilled lizards (D:2)
  6 kobolds
  2 rats (D:3)
74 creatures vanquished.

Vanquished Creatures (collateral kills)
  A jackal (D:3)
1 creature vanquished.

Grand Total: 75 creatures vanquished

Notes
Turn   | Place    | Note
-------+----------+-------------------------------------------
     0 | D:1      | DeathPants the Demonspawn Necromancer began the quest for
                  | the Orb.
     0 | D:1      | Reached XP level 1. HP: 13/13 MP: 3/3
   310 | D:1      | Gained mutation: You have a pair of small horns on your
                  | head. [demonic ancestry]
   310 | D:1      | Reached XP level 2. HP: 13/20 MP: 0/5
   467 | D:1      | Found a faded altar of an unknown god.
   982 | D:2      | Reached skill level 1 in Fighting
  1006 | D:2      | Identified the +1 ring mail "Wisorgh" {Contam rElec rPois
                  | Str+2}
  1213 | D:2      | Reached XP level 3. HP: 18/26 MP: 6/6
  1487 | D:2      | Found Xoniroq's Antique Armour Shoppe.
  2069 | D:3      | Reached XP level 4. HP: 33/33 MP: 1/7
  2236 | D:3      | Learned a level 3 spell: Vampiric Draining
  2240 | D:3      | Found Oshruufo's General Store.
  2297 | D:3      | Found Defytez's Jewellery Shop.
  2495 | D:3      | Reached skill level 5 in Necromancy
  2748 | D:3      | Found a shimmering altar of Xom.
  2999 | D:4      | Gained mutation: You regenerate magic rapidly. [demonic
                  | ancestry]
  2999 | D:4      | Reached XP level 5. HP: 24/38 MP: 9/9
  3243 | D:4      | Found a stormy altar of Qazlal.
  3508 | D:5      | Entered Level 5 of the Dungeon
  3592 | D:4      | Learned a level 5 spell: Agony
  3697 | D:5      | Noticed a black bear
  3838 | D:4      | Found Nuwkafe's Weapon Boutique.
  3845 | D:4      | Noticed a lemure
  3846 | D:4      | Noticed a lemure
  3892 | D:4      | Killed a lemure
  3979 | D:4      | Noticed a lemure
  3980 | D:4      | Noticed Pikel
  3981 | D:4      | Noticed a lemure
  4015 | D:4      | Killed a lemure
  4018 | D:4      | Slain by Pikel

Illustrated notes

Levels and vault maps discovered:
D:1:      spicycebolla_green_bress_n_ham, layout_basic, basic_ecumenical_altar
D:2:      layout_basic, serial_shops, nicolae_shop_hallway_plus
D:3:      layout_loops_corners, marbit_many_paths, serial_shops, shop, shop,
          minmay_checkerbox
D:4:      layout_rooms, nicolae_qazlal_eye_of_the_storm, serial_shops,
          nicolae_shop_trees, uniq_pikel
D:5:      minmay_diamond_boxcup, layout_cave_pools,
          mainiacjoe_overflow_24_doors, serial_gnoll_camp,
          gnoll_camp_mini_house, gnoll_camp_medium_02, gnoll_camp_mini_shop,
          gnoll_camp_mini_shop, kennysheep_windowed_goal,
          uniq_crazy_yiuf_cottage

Skill      XL: |  1  2  3  4  5 |
---------------+----------------+-----
Stealth        | 2 3 |  3.3
Fighting       | 1 2 |  2.6
Necromancy     | 5 |  5.4
Spellcasting   | 3 |  3.2
Dodging        | |  1.8

Action                     |  1- 3 |  4- 6 || total
---------------------------+-------+-------++-------
  Melee: Unarmed           |     9 |       ||     9
         Short sword       |    16 |    79 ||    95
         Dagger            |    46 |    54 ||   100
         Headbutt          |    11 |    37 ||    48
         Punch             |     1 |     2 ||     3
         Rapier            |       |    26 ||    26
   Cast: Necrotise         |    50 |    14 ||    64
         Vampiric Draining |       |     4 ||     4
   Stab: Sleeping          |     1 |     6 ||     7
 Armour: Robe              |    10 |    45 ||    55
  Dodge: Dodged            |    58 |    92 ||   150

Table legend: (Time is in decaauts)
 A = Elapsed time spent in this place.
 B = Non-inter-level travel time spent in this place.
 C = Inter-level travel time spent in this place.
 D = Time resting spent in this place.
 E = Time spent auto-exploring this place.
 F = Levels seen in this place.
 G = Mean time per level.
                   A        B        C        D        E       F      G
               +--------+--------+--------+--------+--------+-----+--------+
         Total |   4000 |   3964 |     36 |    167 |   2847 |   5 |  800.0 |
       Dungeon |   4000 |   3964 |     36 |    167 |   2847 |   5 |  800.0 |
               +--------+--------+--------+--------+--------+-----+--------+

Top non-repeatable levels by time:
     D:3: 1281 daAuts
     D:2: 1061 daAuts
     D:1: 852 daAuts
     D:4: 773 daAuts
     D:5: 31 daAuts
